 Dungeon Crawl Stone Soup version 0.31-a0-152-g6aa68a64a1 (webtiles) character file.

Game seed: 229850651287997948

17 qw the Shooter (level 2, -1/17 HPs)
             Began as a Gargoyle Hunter on June 11, 2023.
             Slain by a jackal (2 damage)
             ... on level 1 of the Dungeon.
             The game lasted 00:00:12 (748 turns).

qw the Shooter (Gargoyle Hunter)                     Turns: 748, Time: 00:00:13

Health: -1/17      AC:  5    Str: 14    XL:     2   Next: 62%
Magic:  2/2        EV: 11    Int:  9    God:
Gold:   23         SH:  0    Dex: 13    Spells: 1/1 levels left

rFire   . . .        Y - +0 shortbow
rCold   . . .        (shield currently unavailable)
rNeg    + . .        c - +0 leather armour
rPois   inf          (no helmet)
rElec   +            (no cloak)
rCorr   .            (no gloves)
SInv    .            (no boots)
Will    .....        (no amulet)
Stlth   +            (no ring)
HPRegen 0.22/turn    (no ring)
MPRegen 0.08/turn

%: no passive effects
@: no status effects
A: sickness immunity, AC +2, negative energy resistance 1, electricity
resistance, torment resistance 1, petrification resistance
a: no special abilities


You were on level 1 of the Dungeon.
You visited 1 branch of the dungeon, and saw 2 of its levels.

You collected 23 gold pieces.


Innate Abilities, Weirdness & Mutations

You are immune to sickness and miasma.
Your stone body is resilient. (AC +2)
You are immune to poison.
You resist negative energy. (rN+)
You are resistant to electric shocks. (rElec)
You are resistant to unholy torment.
You are immune to petrification.


   Skills:
 - Level 2.1 Fighting
 + Level 4.7 Ranged Weapons
 - Level 1.5 Dodging
 - Level 1.1 Stealth


You had one spell level left.
You didn't know any spells.
Your spell library was empty.

Inventory:

Hand Weapons
 Y - a +0 shortbow (weapon)
Armour
 c - a +0 leather armour (worn)
Potions
 d - a potion of lignification
 e - a potion of haste {unknown}
 g - a potion of enlightenment {unknown}
 h - a potion of might {unknown}

Dungeon Overview and Level Annotations

Branches:
Dungeon (2/15)

Altars:

Shops:
D:1 *

Annotations:
D:2 Robin


Message History

The jackal bites you. The goblin hits you but does no damage.
The worm bites you.
The jackal bites you but does no damage.
The jackal closely misses you.
741 ||| STAIRDANCE The jackal bites you but does no damage. x2
The jackal completely misses you. Robin throws the goblin at you!
The hobgoblin hits you but does no damage.
The goblin hits you but does no damage. The goblin hits you with a +0 club.
The worm bites you.
You climb upwards.
There is a stone staircase leading down here.
Enter note:
Enter note:
Enter note: You shoot an arrow.
The arrow hits the jackal.
The jackal is heavily wounded.
The jackal barely misses you.
The jackal bites you but does no damage.
The jackal bites you. The jackal barely misses you.
You shoot an arrow. The arrow barely misses the jackal.
The arrow barely misses the goblin.
The arrow closely misses the hobgoblin.
The jackal closely misses you. The jackal barely misses you.
The jackal bites you but does no damage.
The jackal barely misses you.
You shoot an arrow. The arrow hits the jackal.
You kill the jackal!
The jackal bites you but does no damage.
The goblin hits you with a +0 dagger.
You shoot an arrow. The arrow hits the goblin.
You kill the goblin!
The jackal bites you.
The jackal bites you but does no damage.
You shoot an arrow. The arrow closely misses the hobgoblin.
The jackal bites you but does no damage.
The hobgoblin closely misses you.
You shoot an arrow. The arrow hits the hobgoblin.
You kill the hobgoblin!
The jackal closely misses you. The jackal bites you.
You die...

#.###...##.....# #.##.####..#.
#.# ##.####..########.##.........
#.# #.# #..# #>..............#
#.####.####..####.###.#######...#
#......#..........# #............
#.####.#.##..################..|.
#.# #.#.##..# #..............
#.####.#.##..######.#########.#..
.#.....#.##..hwh@)..# ######.#..
#.######.##.######### #.........
#...........# #.####....
##########.############### ###..
......................7 #..
.8..8...........8).8..7 #..
..%%..................7 ###..
...%.............%%...77 #....
.8.[8...........8..8...7 #.##.


You could see a worm and 2 jackals.

Vanquished Creatures
  An endoplasm (D:1)
  2 giant cockroaches (D:1)
  4 goblins
  3 hobgoblins (D:1)
  A jackal (D:1)
  A kobold (D:1)
  A quokka (D:1)
  A bat (D:1)
  A rat (D:1)
15 creatures vanquished.

Notes
Turn   | Place    | Note
-------+----------+-------------------------------------------
     0 | D:1      | qw the Gargoyle Hunter began the quest for the Orb.
     0 | D:1      | Reached XP level 1. HP: 12/12 MP: 1/1
     0 | D:1      | 0 ||| qw: Version: 0.2-a-29-g7dc7884
     0 | D:1      | 0 ||| qw: Game counter: 4038
     0 | D:1      | 0 ||| qw: Always use a shield: true
     0 | D:1      | 0 ||| qw: God list: Okawaru
     0 | D:1      | 0 ||| qw: Allow faded altars: false
     0 | D:1      | 0 ||| qw: Do Orc after D:15 true
     0 | D:1      | 0 ||| qw: Do second Lair branch before Depths: true
     0 | D:1      | 0 ||| qw: Lair rune preference: random
     0 | D:1      | 0 ||| qw: Plans: Normal, Zot:1-4, Slime:5, God:TSO, Crypt,
                  | Tomb, Abyss, Pan, Hells, Win
     0 | D:1      | 0 ||| PLANNING D:1-11
   347 | D:1      | Found Nokkeygo's Assorted Antiques.
   350 | D:1      | 350 ||| SHOPLISTING 2 scrolls labelled ZASAUTHRAME (56
                  | gold, have 23).
   350 | D:1      | 350 ||| SHOPLISTING bronze wand (112 gold, have 23).
   350 | D:1      | 350 ||| SHOPLISTING fine robe (159 gold, have 23).
   350 | D:1      | 350 ||| SHOPLISTING glowing ring mail (196 gold, have 23).
   350 | D:1      | 350 ||| SHOPLISTING viscous blue potion (25 gold, have 23).
   360 | D:1      | Reached XP level 2. HP: 17/17 MP: 2/2
   658 | D:1      | 658 ||| READING scroll labelled BOSYVA RUACASH.
   659 | D:1      | 659 ||| READING scroll labelled QOIDIA CIROUL.
   660 | D:1      | 660 ||| READING scroll labelled OFOMU NYXODGHA.
   665 | D:1      | 665 ||| READING scroll labelled DURGHE WAFAIXAB.
   666 | D:1      | 666 ||| READING scroll labelled WEB DARAUSU.
   667 | D:1      | 667 ||| DRINKING 2 grey potions.
   710 | D:1      | 710 ||| DROPPING scroll of butterflies.
   738 | D:2      | Noticed Robin
   741 | D:2      | 741 ||| STAIRDANCE
   741 | D:2      | HP: 2/17 [worm (4)]
   746 | D:1      | HP: 1/17 [jackal (1)]
   748 | D:1      | Slain by a jackal

Levels and vault maps discovered:
D:1:      giann_forest_graveyard, layout_loops_ring, serial_shops, shop,
          hangedman_abyss_or_decor_lesser_grid
D:2:      layout_rooms, uniq_robin

Action                     || total
---------------------------++-------
   Fire: Shortbow          ||    34
    Use: Scroll            ||     5
         Potion            ||     1
 Armour: Leather armour    ||    15
  Dodge: Dodged            ||    19

Table legend:
 A = Non-vault XP
 B = Vault XP
 C = Vault XP percentage of total XP
 D = Non-vault monster count
 E = Vault monster count
 F = Vault count percentage of total count
                 A         B        C        D         E       F
            +---------+---------+-------+---------+---------+-------
      Total |      22 |       5 |  18.5 |      12 |       3 |  20.0
            +---------+---------+-------+---------+---------+-------
        D:1 |      22 |       4 |  15.4 |      12 |       2 |  14.3
        D:2 |       0 |       1 | 100.0 |       0 |       1 | 100.0
            +---------+---------+-------+---------+---------+-------
